 Dungeon Crawl Stone Soup version 0.27-a0-906-g0a00ce863d (webtiles) character file.

Game seed: 11363344550194795155

2503 jasper the Covert (level 9, -3/46 HPs)
             Began as a Spriggan Brigand on Apr 6, 2021.
             Was a Plaything of Xom.
             Slain by a gnoll
             ... wielding a +0 spear
              (6 damage)
             ... on level 6 of the Dungeon.
             The game lasted 00:10:29 (4750 turns).

jasper the Covert (Spriggan Brigand)                Turns: 4750, Time: 00:10:29

Health: -3/46      AC:  5    Str:  7      XL:     9   Next: 28%
Magic:  10/10      EV: 17    Int: 12 (14) God:    Xom [....*.]
Gold:   543        SH:  7    Dex: 18      Spells: 8/8 levels left

rFire    + . .     SeeInvis +   a - +2 dagger
rCold    . . .     Faith    .   k - +0 buckler
rNeg     + . .     Spirit   .   q - +2 robe {rN+}
rPois    .         Reflect  .   (helmet restricted)
rElec    .         Harm     .   c - +0 cloak
rCorr    .         Rampage  .   (gloves unavailable)
Will     +....                  (boots unavailable)
Stlth    ++++++....             (no amulet)
HPRegen  0.15/turn              l - ring of protection from fire
MPRegen  0.12/turn              (no ring)

@: very quick
A: very small, no large weapons, unfitting armour, see invisible, speed 3,
deterioration 1, robust 1
a: Renounce Religion


You were on level 6 of the Dungeon.
You worshipped Xom.
You were a beloved toy of Xom.
You visited 1 branch of the dungeon, and saw 10 of its levels.

You collected 543 gold pieces.

Inventory:

Hand Weapons
 a - a +2 dagger (weapon)
 i - a +4 scimitar of flaming
Missiles
 d - 5 poisoned darts (quivered)
 h - 19 bolts
Armour
 b - a +0 robe
 c - a +0 cloak (worn)
 k - a +0 buckler (worn)
 q - a +2 robe of positive energy (worn)
Jewellery
 l - a ring of protection from fire (left hand)
Wands
 e - a wand of flame (2)
 n - a wand of random effects (18)
Scrolls
 f - a scroll of silence
Potions
 m - a potion of brilliance


   Skills:
 - Level 2.0 Fighting
 + Level 7.2 Short Blades
 - Level 2.0 Throwing
 - Level 2.4 Dodging
 * Level 14.1 Stealth
 + Level 4.3 Shields


You had 8 spell levels left.
You didn't know any spells.
Your spell library was empty.

Dungeon Overview and Level Annotations

Branches:
Dungeon (10/15)
 Temple: D:4-7         Lair: D:8-11         Orc: D:9-12

Altars:
Cheibriados
Okawaru
Xom

Shops:
D:4 :

Annotations:
D:4 Pikel
D:6 Prince Ribbit
D:7 Joseph


Innate Abilities, Weirdness & Mutations

You are very small and have problems with some larger weapons.
You are too small for most types of armour.
You have supernaturally acute eyesight. (SInv)
You cover ground extremely quickly. (Speed+++)
Your body sometimes deteriorates upon taking damage.
You are robust. (+10% HP)


Message History

You are now a beloved toy of Xom.
An orc priest comes into view. It is wielding a +0 mace.
Xom's power touches on a nearby monster.
Prince Ribbit the fire bat evaporates and reforms as a wyvern!
You block Prince Ribbit's attack. Prince Ribbit closely misses you.
There is a stone staircase leading up here.
Prince Ribbit barely misses you. Prince Ribbit misses you.
You climb upwards.
There is a stone staircase leading down here.
Xom smirks.
You detect items!
Prince Ribbit hisses menacingly.
The gnoll sergeant hits you from afar with a +0 spear.
* * * LOW HITPOINT WARNING * * *
You take 6 damage, and have 12/46 hp.
Okay, then.
Okay, then. "Whee!"
Your surroundings suddenly seem different.
Your surroundings suddenly seem different.
Your surroundings suddenly seem different.
Your surroundings suddenly seem different.
Your surroundings suddenly seem different.
Your surroundings suddenly seem different.
Your surroundings suddenly seem different.
Your surroundings suddenly seem different.
Your surroundings suddenly seem different.
The gnoll sergeant hits you from afar with a +0 spear!
* * * LOW HITPOINT WARNING * * *
Xom is highly amused!
The gnoll shouts!
You take 9 damage, and have 3/46 hp.
Unknown command.
Unknown command.
The gnoll shouts!
Okay, then.
The gnoll hits you from afar with a +0 spear.
You die...
Xom guffaws!

.[# #..##.### ###
#..##.# #..##.#
#.g##.# #..##.#
#..##.#
############..##g#
.......l.l.#.g##.#
##########.#..##@#
#.#g.lg.#
#....#### ######


You could see Prince Ribbit the wyvern, a gnoll sergeant (wandering) and 2
gnolls.

Vanquished Creatures
  A two-headed ogre (D:10)
  Erica (D:9)
  A troll (D:10)
  A steam dragon (D:9)
  An acid dragon (D:9)
  A phantom (D:7)
  A kobold brigand (D:8)
  3 bullfrogs
  A scorpion (D:7)
  A water moccasin zombie (D:6)
  3 wights (D:6)
  A centaur zombie (D:8)
  A howler monkey (D:10)
  An orc priest (D:10)
  2 orc wizards
  4 adders
  2 dart slugs
  4 orcs
  5 ball pythons
  3 bats (D:2)
  3 endoplasms
  A giant cockroach (D:3)
  4 hobgoblins
  5 jackals
  A quokka (D:1)
  3 frilled lizards (D:1)
  2 goblins
  9 kobolds
  5 rats
71 creatures vanquished.

Notes
Turn   | Place    | Note
-------+----------+-------------------------------------------
     0 | D:1      | jasper the Spriggan Brigand began the quest for the Orb.
     0 | D:1      | Reached XP level 1. HP: 10/10 MP: 2/2
   125 | D:1      | Reached skill level 6 in Stealth
   272 | D:1      | Found a faded altar of an unknown god.
   309 | D:1      | Reached XP level 2. HP: 15/15 MP: 3/3
   312 | D:1      | Became a worshipper of Xom of Chaos
   413 | D:1      | XOM: silly message
   462 | D:1      | XOM: god gift: 355 gold pieces
   570 | D:1      | You fall into a shaft and drop 1 floor!
   570 | D:2      | XOM: stealth player
   588 | D:2      | Reached XP level 3. HP: 16/18 MP: 4/4
   629 | D:2      | XOM: butterfly on damage
  1200 | D:3      | XOM: scenery: 1 doors open
  1209 | D:3      | Reached skill level 7 in Stealth
  1209 | D:3      | Reached XP level 4. HP: 23/23 MP: 5/5
  1420 | D:4      | Found Vorudodi's Book Boutique.
  1434 | D:4      | Noticed a lemure
  1435 | D:4      | Noticed a lemure
  1436 | D:4      | Noticed a lemure
  1436 | D:4      | Noticed a lemure
  1441 | D:4      | XOM: fake destruction
  1443 | D:4      | Noticed Pikel
  1459 | D:4      | XOM: noise
  1466 | D:5      | XOM: stealth player
  1466 | D:5      | Entered Level 5 of the Dungeon
  1666 | D:5      | Noticed a phantom
  1706 | D:6      | Reached XP level 5. HP: 26/26 MP: 6/6
  1721 | D:6      | Reached skill level 8 in Stealth
  1721 | D:6      | Reached skill level 1 in Shields
  1867 | D:6      | XOM: noise
  1921 | D:6      | XOM: 1-stop teleportation journey
  1932 | D:6      | XOM: enchant monster (bad)
  2023 | D:7      | XOM: divination: magic mapping
  2247 | D:7      | Reached skill level 9 in Stealth
  2247 | D:7      | Reached XP level 6. HP: 19/30 MP: 7/7
  2276 | D:7      | XOM: give mutations
  2276 | D:7      | Gained mutation: Your body sometimes deteriorates upon
                  | taking damage. [Xom's mischief]
  2276 | D:7      | Gained mutation: You are robust. (+10% HP) [Xom's mischief]
  2281 | D:7      | XOM: 3-stop teleportation journey
  2307 | D:7      | XOM: noise
  2339 | D:7      | Noticed Prince Ribbit
  2463 | D:7      | XOM: cleaving
  2481 | D:7      | XOM: enchant monster (bad)
  2488 | D:7      | XOM: summons 2 friendly demons
  2537 | D:7      | XOM: summons friendly crimson imp
  2550 | D:7      | Reached XP level 7. HP: 18/38 MP: 8/8
  2740 | D:7      | Noticed Joseph
  2904 | D:8      | XOM: stealth player
  2904 | D:8      | Found an iron altar of Okawaru.
  2906 | D:8      | Found a snail-covered altar of Cheibriados.
  3101 | D:8      | Reached skill level 10 in Stealth
  3229 | D:8      | XOM: summons friendly shadow imp
  3962 | D:9      | Reached skill level 5 in Short Blades
  4011 | D:9      | XOM: 1-stop teleportation journey
  4012 | D:9      | Noticed Erica
  4012 | D:9      | Noticed a steam dragon
  4014 | D:9      | Killed Erica
  4014 | D:9      | XOM: summons 1 hostile shadow creature
  4015 | D:9      | Reached skill level 12 in Stealth
  4015 | D:9      | Reached XP level 8. HP: 42/42 MP: 9/9
  4027 | D:10     | Entered Level 10 of the Dungeon
  4027 | D:10     | Noticed a troll
  4029 | D:10     | XOM: confuse monster(s)
  4049 | D:10     | XOM: swap monsters
  4052 | D:10     | Killed a troll
  4053 | D:10     | Reached skill level 13 in Stealth
  4156 | D:10     | Noticed a two-headed ogre
  4209 | D:10     | XOM: swap monsters
  4214 | D:10     | Killed a two-headed ogre
  4215 | D:10     | Reached skill level 14 in Stealth
  4215 | D:10     | Reached XP level 9. HP: 46/46 MP: 10/10
  4661 | D:7      | Noticed Prince Ribbit
  4661 | D:7      | Prince Ribbit changed into Prince Ribbit the fire bat
  4661 | D:7      | XOM: polymorph Prince Ribbit -> Prince Ribbit the fire bat
  4663 | D:7      | XOM: summons 1 hostile shadow creature
  4670 | D:7      | XOM: swap monsters
  4690 | D:7      | XOM: summons 1 hostile demon
  4703 | D:7      | XOM: silly message
  4707 | D:7      | XOM: summons 1 hostile demon
  4708 | D:7      | Noticed a red devil
  4722 | D:7      | XOM: fog
  4723 | D:7      | XOM: swap monsters
  4724 | D:7      | Noticed Prince Ribbit
  4724 | D:7      | Prince Ribbit the fire bat changed into Prince Ribbit the
                  | wyvern
  4724 | D:7      | XOM: polymorph Prince Ribbit the fire bat -> Prince Ribbit
                  | the wyvern
  4733 | D:6      | XOM: divination: detect items
  4746 | D:6      | XOM: 9-stop teleportation journey
  4750 | D:6      | Slain by a gnoll

Illustrated notes

Levels and vault maps discovered:
D:1:      dpeg_arrival_circle_labyrinth_c, layout_basic,
          ebering_ecumenical_altar_box
D:2:      layout_rooms, minmay_strange_pillars
D:3:      layout_basic, chequers_temple_overflow_statue_of_worship
D:4:      layout_gridville, nicolae_sif_muna_condensation,
          minmay_temple_entry_grid, serial_shops, shop, uniq_duvessa, uniq_pikel
D:5:      layout_gridville, overflow_temple_1_default,
          ashenzari_conservatory_becter, serial_undead, serial_undead_c,
          serial_undead_d, serial_undead_d, serial_undead_a, moated_statue,
          uniq_grinder, uniq_eustachio
D:6:      layout_basic, serial_shops, shop
D:7:      layout_basic, serial_shops, nicolae_shop_crystal, uniq_joseph,
          uniq_prince_ribbit1
D:8:      layout_loops_corners, grunt_temple_overflow_open, serial_shops, shop,
          uniq_maurice
D:9:      layout_long_grid, uniq_erolcha, uniq_erica
D:10:     hangedman_cross_cluster, layout_loops_corners

Skill      XL: |  1  2  3  4  5  6  7  8 |
---------------+-------------------------+-----
Stealth        | 6 7 9 12 14 | 14.1
Dodging        | 2 |  2.4
Fighting       | 2 |  2.0
Short Blades   | 3 4 6 7 |  7.2
Shields        | 1 2 3 4 |  4.3
Throwing       | |  2.0

Action                   |  1- 3 |  4- 6 |  7- 9 || total
-------------------------+-------+-------+-------++-------
Melee: Dagger            |    90 |    76 |    54 ||   220
       Scimitar          |       |       |    17 ||    17
Throw: Dart              |    43 |    14 |    19 ||    76
Evoke: Wand              |       |       |    24 ||    24
  Use: Scroll            |       |     4 |     3 ||     7
       Potion            |       |     3 |     2 ||     5
 Stab: Sleeping          |     2 |     5 |     3 ||    10
       Confused          |       |       |     1 ||     1
Armor: Robe              |    13 |     7 |    13 ||    33
Dodge: Dodged            |    84 |    47 |    54 ||   185
Block: Buckler           |       |    19 |    34 ||    53
       Rpst.: Scimitar   |       |       |     2 ||     2

Table legend: (Time is in decaauts)
 A = Elapsed time spent in this place.
 B = Non-inter-level travel time spent in this place.
 C = Inter-level travel time spent in this place.
 D = Time resting spent in this place.
 E = Time spent auto-exploring this place.
 F = Levels seen in this place.
 G = Mean time per level.
                   A        B        C        D        E       F      G
               +--------+--------+--------+--------+--------+-----+--------+
         Total |   3708 |   3597 |    111 |    658 |   1977 |  10 |  370.8 |
       Dungeon |   3708 |   3597 |    111 |    658 |   1977 |  10 |  370.8 |
               +--------+--------+--------+--------+--------+-----+--------+

Top non-repeatable levels by time:
     D:7: 892 daAuts
     D:8: 657 daAuts
     D:1: 438 daAuts
    D:10: 421 daAuts
     D:3: 366 daAuts
     D:9: 271 daAuts
     D:2: 235 daAuts
     D:5: 205 daAuts
     D:6: 186 daAuts
     D:4: 35 daAuts
